 Dungeon Sprint DCSS version 0.28.0-45-g0d030f2227 (webtiles) character file.

Game seed: 10946085916364148749

205 McKennaii the Skirmisher (level 5, -3/51 HPs)
             Began as a Demigod Fighter on Apr 18, 2022.
             Slain by an iguana (7 damage)
             ... in the Dungeon (Sprint IX: "|||||||||||||||||||||||||||||").
             The game lasted 00:00:22 (62 turns).

McKennaii the Skirmisher (Demigod Fighter)            Turns: 62, Time: 00:00:23

Health: -3/51      AC:  7    Str: 21    XL:     5   Next: 27%
Magic:  7/7        EV:  9    Int: 10    God:
Gold:   0          SH:  5    Dex: 13    Spells: 4/4 levels left

rFire   . . .      SeeInvis .   a - +0 trident
rCold   . . .      Faith    .   c - +0 buckler
rNeg    . . .      Spirit   .   b - +0 scale mail
rPois   .          Reflect  .   (no helmet)
rElec   .          Harm     .   (no cloak)
rCorr   .          Rampage  .   (no gloves)
Will    .....      NoTele   +   (no boots)
Stlth   ..........              (no amulet)
HPRegen 0.17/turn               (no ring)
MPRegen 0.10/turn               (no ring)

@: no status effects
A: high MP 1, forlorn, divine attributes
a: no special abilities


You were in the Dungeon.
You visited 1 branch

Inventory:

Hand Weapons
 a - a +0 trident (weapon)
Armour
 b - a +0 scale mail (worn)
 c - a +0 buckler (worn)
Scrolls
 j - a scroll of blinking
Potions
 d - a potion of might
 e - a potion of curing
 f - a potion of heal wounds
 g - a potion of haste
 h - 2 potions of magic
 i - a potion of berserk rage


   Skills:
 + Level 6.3 Fighting
 + Level 4.6 Polearms
 + Level 6.1 Armour
 + Level 1.0 Dodging
 + Level 5.8 Shields


You had 4 spell levels left.
You didn't know any spells.
Your spell library was empty.

Dungeon Overview and Level Annotations

Branches:
Dungeon (1/1)


Innate Abilities, Weirdness & Mutations

You have an increased reservoir of magic. (+10% MP)
You shall have no god before yourself.
Your divine heritage dramatically boosts your attributes as you level up.


Message History

You completely miss the necrophage.
The necrophage is almost destroyed.
The necrophage barely misses you.
You hit the necrophage.
The necrophage is almost destroyed.
The necrophage closely misses you.
You closely miss the necrophage.
The necrophage is almost destroyed.
The necrophage barely misses you.
You barely miss the necrophage.
The necrophage is almost destroyed.
The necrophage hits you.
* * * LOW HITPOINT WARNING * * *
You closely miss the necrophage.
The necrophage is almost destroyed.
You block the necrophage's attack.
You barely miss the necrophage.
The necrophage is almost destroyed.
The necrophage closely misses you. You block the necrophage's attack.
You hit the necrophage but do no damage.
The necrophage is almost destroyed.
The necrophage hits you.
* * * LOW HITPOINT WARNING * * *
You feel drained.
You puncture the necrophage!
You destroy the necrophage!
Your life force feels restored.
Your Fighting skill increases to level 6!
Your Polearms skill increases to level 4!
Your Armour skill increases to level 6!
Your Dodging skill increases to level 1!
You have reached level 5!
You hit the iguana.
The iguana is moderately wounded.
The iguana closely misses you.
Unknown command.
You hit the iguana.
The iguana is moderately wounded.
The iguana bites you!
You die... ▓▓▓▓▓▓▓▓▓▓▓▓▓▓▓▓▓▓ ▓<...)....@lO....+ ▓▓▓▓▓▓▓▓▓▓▓▓▓▓▓▓▓▓

You could see an ogre and an iguana.

Vanquished Creatures
  2 necrophages (D)
  An iguana (D)
  A dart slug (D)
  A bat (D)
  2 goblins (D)
  A frilled lizard (D)
8 creatures vanquished.

Notes
Turn   | Place    | Note
-------+----------+-------------------------------------------
     0 | D        | McKennaii the Demigod Fighter began the quest for the Orb.
     0 | D        | Reached XP level 1. HP: 18/18 MP: 3/3
    24 | D        | Noticed a necrophage
    24 | D        | Noticed an iguana
    24 | D        | Noticed a necrophage
    24 | D        | Noticed an iguana
    24 | D        | Noticed an ogre
    30 | D        | Killed a necrophage
    31 | D        | Reached skill level 5 in Fighting
    31 | D        | Reached skill level 5 in Armour
    31 | D        | Reached XP level 2. HP: 27/29 MP: 4/4
    31 | D        | Reached XP level 3. HP: 34/36 MP: 5/5
    31 | D        | Reached XP level 4. HP: 40/42 MP: 6/6
    36 | D        | Reached skill level 5 in Shields
    40 | D        | Banished a spatial maelstrom
    60 | D        | Killed a necrophage
    61 | D        | Reached skill level 1 in Dodging
    61 | D        | Reached XP level 5. HP: 4/51 MP: 7/7
    62 | D        | Slain by an iguana

Illustrated notes

Levels and vault maps discovered:
D:        linesprint [early_d, line_temple, items_1, d_10, items_2, lair_1,
          lair_end, items_3, orc_1, orc_end, items_4, d_15, swamp_1, shoals_1,
          snake_1, spider_1, d_20, vaults_1, items_5, swamp_end, shoals_end,
          snake_end, spider_end, vaults_end, d_27, items_6, zot_1, zot_end,
          crypt_end, forest_end, elf_end, slime_end, tomb_end, abyss_end,
          pan_hell_end]

Skill      XL: |  1  2  3  4 |
---------------+-------------+-----
Fighting       | 5 6 |  6.3
Armour         | 5 6 |  6.1
Shields        | 4 5 |  5.8
Polearms       | 3 4 |  4.6
Dodging        | 1 |  1.0

Action                   |  1- 3 |  4- 6 || total
-------------------------+-------+-------++-------
Melee: Trident           |    20 |    32 ||    52
Armor: Scale mail        |     2 |     4 ||     6
Dodge: Dodged            |    10 |    12 ||    22
Block: Buckler           |     5 |     7 ||    12
